 Dungeon Crawl Stone Soup version 0.17-a0-1763-g847a857 (console) character file.

9200 Illiel the Archer (level 11, -13/71 HPs)
             Began as a High Elf Arcane Marksman on Sept 5, 2015.
             Was a High Priest of Okawaru.
             Mangled by Maud
             ... wielding a +5 long sword
              (24 damage)
             ... on level 11 of the Dungeon.
             The game lasted 01:54:16 (14727 turns).

Illiel the Archer (High Elf Arcane Marksman)       Turns: 14727, Time: 01:54:16

Health: -13/71     AC: 17    Str: 13    XL:     11   Next: 19%
Magic:  10/20      EV: 18    Int: 19    God:    Okawaru [*****.]
Gold:   523        SH:  0    Dex: 17    Spells: 5 memorised, 11 levels left

rFire  + . .     SeeInvis .     b - +2 scimitar (freeze)
rCold  . . .     Clarity  .     h - +2 ring mail {rF+}
rNeg   . . .     SustAt   .     (no shield)
rPois  .         Gourm    .     u - +2 helmet "Halubb" {Stlth+}
rElec  .         Spirit   .     T - +0 cloak
rCorr  .         Warding  .     k - +1 pair of gloves
rMut   .         Stasis   .     K - +0 pair of boots
MR     +....                    (no amulet)
Stlth  ++++......               P - ring of loudness (curse)
                                p - +3 ring of strength

@: heroism, somewhat resistant to hostile enchantments, stealthy
A: no striking features
a: Heroism, Finesse, Renounce Religion


You were on level 11 of the Dungeon.
You worshipped Okawaru.
Okawaru was extremely pleased with you.
You were not hungry.

You visited 2 branches of the dungeon, and saw 12 of its levels.

You collected 523 gold pieces.

Inventory:

Hand weapons
 a - a +1 shortbow
 b - a +2 scimitar of freezing (weapon)
Missiles
 c - 12 arrows of flame
 m - 2 arrows of frost
 z - 148 arrows
 C - 16 arrows of dispersal
Armour
 h - a +2 ring mail of fire resistance (worn)
 k - a +1 pair of gloves (worn)
 u - the +2 helmet "Halubb" (worn) {Stlth+}
   (You took it off Robin on level 2 of the Dungeon)

   It makes you more stealthy.
 K - a +0 pair of boots (worn)
 T - a +0 cloak (worn)
Jewellery
 p - a +3 ring of strength (left hand)
 s - an uncursed ring of ice
 P - a cursed ring of loudness (right hand)
 V - an uncursed ring of ice
Magical devices
 x - a wand of flame (29)
 L - a wand of disintegration (14)
 M - a wand of digging (17)
 U - a wand of flame (19)
Scrolls
 g - 2 scrolls of remove curse
 i - 4 scrolls of identify
 o - 2 scrolls of recharging
 v - 3 scrolls of enchant armour
 w - 3 scrolls of magic mapping
 y - a scroll of blinking
 B - a scroll of fear {unknown}
 E - 2 scrolls of fog
 Q - a scroll of summoning {unknown}
 S - a scroll of teleportation
Potions
 f - 6 potions of curing
 j - 3 potions of haste
 l - 3 potions of lignification {unknown}
 t - 4 potions of brilliance {unknown}
 D - 3 potions of degeneration
 F - a potion of berserk rage {unknown}
 H - 3 potions of agility {unknown}
 N - 2 potions of cure mutation {unknown}
 R - a potion of cancellation {unknown}
Books
 d - a book of Debilitation

   Spells                             Type                      Level
   a - Corona                         Hexes                        1
   b - Slow                           Hexes                        2
   c - Gell's Gravitas                Hexes/Translocation          3
   d - Inner Flame                    Hexes/Fire                   3
   e - Cause Fear                     Hexes                        4
   f - Leda's Liquefaction            Hexes/Earth                  4
 G - a book of Party Tricks

   Spells                             Type                      Level
   a - Summon Butterflies             Summoning                    1
   b - Apportation                    Translocation                1
   c - Tukima's Dance                 Hexes                        3
   d - Alistair's Intoxication        Transmutation/Poison         4
   e - Invisibility                   Hexes                        6
 J - a book of Power

   Spells                             Type                      Level
   a - Fulminant Prism                Conjuration/Hexes            4
   b - Iskenderun's Mystic Blast      Conjuration                  4
   c - Venom Bolt                     Conjuration/Poison           5
   d - Bolt of Magma                  Conjuration/Fire/Earth       5
   e - Iron Shot                      Conjuration/Earth            6
   f - Orb of Destruction             Conjuration                  7
   g - Spellforged Servitor           Conjuration/Summoning        7
 O - a book of Annihilations

   Spells                             Type                      Level
   a - Poison Arrow                   Conjuration/Poison           6
   b - Chain Lightning                Conjuration/Air              8
   c - Lehudib's Crystal Spear        Conjuration/Earth            8
   d - Glaciate                       Conjuration/Ice              9
   e - Fire Storm                     Conjuration/Fire             9
Comestibles
 e - 10 bread rations
 n - 3 beef jerkies
 r - 8 meat rations
 A - a royal jelly
 I - 8 fruits


   Skills:
 + Level 5.0(10.0) Fighting
 + Level 4.9(9.9) Long Blades
 * Level 11.7(16.7) Bows
 + Level 4.3(9.3) Armour
 + Level 6.0(11.0) Dodging
 + Level 6.1(11.1) Stealth
 + Level 5.8 Spellcasting
 + Level 5.5 Hexes
 + Level 4.2 Fire Magic
 + Level 4.0 Invocations
 + Level 4.4 Evocations


You had 11 spell levels left.
You knew the following spells:

 Your Spells              Type           Power        Failure   Level  Hunger
a - Corona                Hex            ####...      1%          1    None
b - Slow                  Hex            ####....     3%          2    None
c - Inner Flame           Hex/Fire       ###.....     12%         3    ##.....
d - Tukima's Dance        Hex            ####....     8%          3    ##.....
x - Summon Butterflies    Summ           #.......     24%         1    None


Dungeon Overview and Level Annotations

Branches:
Dungeon (11/15)            Temple (1/1) D:6            Lair (0/8) D:11
    Orc (0/4) D:11

Altars:
Ashenzari
Cheibriados
Dithmenos
Elyvilon
Fedhas
Gozag
Kikubaaqudgha
Makhleb
Nemelex Xobeh
Okawaru
Qazlal
Ru
Sif Muna
Trog
Vehumet
Xom
Yredelemnul
Zin
The Shining One

Annotations:
D:11 Maud


Message History

Maud hits you with an enchanted long sword!
Drink which item? (? for menu, Esc to quit)
Okay, then.
You hit Maud but do no damage.
Maud is severely wounded.
Maud barely misses you.
You slash Maud! You freeze Maud.
Maud is almost dead.
You hit Maud but do no damage.
Maud is almost dead.
Maud hits you with an enchanted long sword!!
* * * LOW HITPOINT WARNING * * *
You are too injured to fight recklessly!
You hit Maud. You freeze Maud.
Maud is almost dead.
Maud closely misses you.
You hit Maud. You freeze Maud.
Maud is almost dead.
Maud hits you with an enchanted long sword!!
You die...

▒▒▒▒▒▒▒▒▒▒ ▒∙∙∙∙∙∙∙∙▒ ▒▒▒▒▒▒▒
▒∙▒▒▒▒▒▒∙▒ ▒∙∙∙∙∙▒
▒∙▒▒▒▒▒▒∙▒▒▒▒▒▒▒▒▒∙∙∙∙∙▒▒▒▒
▒∙▒∙∙∙∙∙∙∙∙∙∙∙∙∙∙∙∙∙(∙∙∙∙∙▒
▒∙▒∙▒▒▒▒▒▒▒▒▒▒∙∙∙∙∙∙∙∙∙∙▒∙▒▒▒▒
▒∙▒ ▒∙▒∙∙∙∙∙∙@(∙∙∙∙∙∙ ▒∙▒
▒∙▒▒▒▒∙∙▒∙∙∞∙∙∙∙∙ ▒∙▒
▒#▒▒∙∙∙∙▒∙▒∙▒▒∙▒▒ ▒∙▒
▒#▒▒∙▒∙∙▒∙▒∙▒ ▒∙▒ ▒▒#▒▒∙▒∙∙▒∙∙
∙ ∙∙ ▒∙▒ ▒▒@∙▒▒ ▒∙∙▒∙▒∙▒∙∙∙
▒▒∙▒ ▒∙@∙▒▒▒▒▒▒▒∙∙∙∙∙∙▒▒ ▒∙∙▒∙▒
▒∙∙▒∙∙∙∙∙∙∙▒∙∙∙ ∙∙ ▒∙▒▒∙▒
▒(∙∙∙▒∙∙∙▒∙∙∙∙▒▒∙▒▒ ▒∙▒▒∙▒
▒▒∙∙∙▒▒∙P∙▒▒∙∙∙[∙∙∙∙ ▒∙▒▒∙▒
▒∙∙▒∙∙∙PPP∙∙∙▒∙∙▒∙▒▒ ▒∙▒▒∙▒
▒∙%▒∙∙PP>PP∙∙▒∙∙∙∙∙∙ ▒∙▒▒∙▒
▒)∙▒∙∙∙PPP∙∙∙▒∙∙∙∙▒▒
▒∙▒▒∙▒▒▒▒▒▒▒∙∙∙∙▒▒∙P∙▒▒∙∙∙∙∙∙∙∙
▒/∙∙∙∙∙∙∙∙∙∙∙∙∙∙∙▒∙∙∙▒∙∙∙∙▒∙▒▒▒
▒▒▒▒∙▒▒▒▒▒▒▒▒∙∙▒∙∙∙∙∙∙∙▒∙∙∙%∙▒▒
▒∙▒ ▒∙∙∙▒▒▒▒▒▒▒∙∙∙∙∙∙∙∙ ▒∙▒
▒▒▒▒▒ ▒▒▒▒▒∙▒▒▒ ▒∙▒ ▒∙▒ ▒∙▒ ▒∙▒
▒∙▒ ▒∙▒ ▒∙▒ ▒∙▒ ▒∙▒


You could see Maud.

Vanquished Creatures
  3 hill giants
  2 centaur skeletons
  A merfolk (D:9)
  Grinder (D:3)
  A two-headed ogre (D:8)
  A trapdoor spider zombie (D:10)
  Sigmund (D:2)
  A hill giant zombie (D:11)
  A wraith (D:11)
  2 hippogriffs
  3 yaks (D:11)
  2 hungry ghosts (D:11)
  Edmund (D:5)
  Duvessa (D:4)
  The ghost of Baatrezu the Cudgeler, an average TrBe of Trog (D:3)
  3 orc warriors
  3 slaves (D:8)
  An eye of draining (D:5)
  A sky beast (D:9)
  3 ogres
  4 ice beasts
  A phantom (D:5)
  A crocodile (D:8)
  5 centaurs
  A gnoll sergeant (D:9)
  Blork the orc (D:4)
  2 big kobolds
  A wyvern zombie (D:9)
  6 giant frogs
  3 scorpions
  Dowan (D:4)
  A wyvern skeleton (D:11)
  A troll zombie (D:11)
  7 wights (D:8)
  A giant frog zombie (D:6)
  3 crimson imps
  3 jellies
  2 giant frog skeletons
  7 orc priests
  5 orc wizards
  Jessica (D:3)
  2 iguanas
  6 hounds
  A gnoll shaman (D:6)
  6 worker ants
  4 ogre zombies (D:11)
  A hound skeleton (D:8)
  Robin (D:2)
  10 gnolls
  16 adders
  5 shadow imps
  An adder skeleton (D:7)
  An adder zombie (D:6)
  2 worms (D:2)
  4 giant geckos
  33 orcs
  2 ball pythons
  9 hobgoblins
  19 jackals
  22 kobolds
  13 bats
  4 giant cockroaches
  4 giant gecko skeletons
  6 giant newts
  18 goblins
  5 goblin zombies (D:11)
  2 hobgoblin zombies (D:11)
  A jackal skeleton (D:6)
  4 orc skeletons (D:11)
  7 orc zombies (D:11)
  5 quokkas
  3 rats (D:2)
  A spectral orc (D:8)
  3 plants (D:6)
311 creatures vanquished.

Vanquished Creatures (collateral kills)
  Pikel (D:8)
  A hill giant (D:10)
  A slave (D:8)
  2 wights (D:8)
  3 orcs
8 creatures vanquished.

Vanquished Creatures (others)
  2 dancing weapons (D:10)
  5 plants
7 creatures vanquished.

Grand Total: 326 creatures vanquished

Notes
Turn   | Place    | Note
--------------------------------------------------------------
     0 | D:1      | Illiel the High Elf Arcane Marksman began the quest for the Orb.
     0 | D:1      | Reached XP level 1. HP: 13/13 MP: 3/3
     6 | D:1      | Noticed a salamander
     6 | D:1      | Noticed a redback
     6 | D:1      | Noticed a black bear
     7 | D:1      | Noticed a swamp worm
   260 | D:1      | Reached XP level 2. HP: 13/18 MP: 2/4
   349 | D:1      | Reached skill level 4 in Bows
   358 | D:1      | Learned a level 2 spell: Slow
  1154 | D:2      | Reached XP level 3. HP: 15/23 MP: 3/5
  1342 | D:2      | Noticed Robin
  1374 | D:1      | Reached skill level 5 in Bows
  1834 | D:2      | Reached XP level 4. HP: 20/28 MP: 4/6
  1961 | D:2      | Reached skill level 6 in Bows
  1962 | D:2      | Found a shadowy altar of Dithmenos.
  2024 | D:2      | Killed Robin
  2039 | D:2      | Got a pitted helmet
  2045 | D:2      | Identified the +2 helmet "Halubb" {Stlth+} (You took it off Robin on level 2 of the Dungeon)
  2210 | D:2      | Noticed Sigmund
  2324 | D:2      | Killed Sigmund
  2324 | D:2      | Reached skill level 8 in Bows
  2324 | D:2      | Reached XP level 5. HP: 33/33 MP: 3/7
  2324 | D:2      | Reached XP level 6. HP: 38/38 MP: 3/8
  2835 | D:3      | Found a shimmering altar of Xom.
  2969 | D:3      | Learned a level 3 spell: Inner Flame
  2986 | D:3      | Noticed Baatrezu's ghost (average TrBe)
  2996 | D:3      | Noticed Jessica
  3002 | D:3      | Killed Jessica
  3011 | D:3      | Reached skill level 1 in Stealth
  3105 | D:3      | Found a stormy altar of Qazlal.
  3126 | D:3      | Noticed Grinder
  3140 | D:3      | Found a radiant altar of Vehumet.
  3160 | D:3      | Found a sacrificial altar of Ru.
  3705 | D:3      | Found a glowing silver altar of Zin.
  3854 | D:4      | Noticed Blork the orc
  3877 | D:4      | Killed Blork the orc
  3976 | D:4      | Found a blossoming altar of Fedhas.
  3997 | D:4      | Noticed Dowan
  4042 | D:5      | Entered Level 5 of the Dungeon
  4118 | D:5      | Found an iron altar of Okawaru.
  4125 | D:5      | Became a worshipper of Warmaster Okawaru
  4283 | D:4      | Reached skill level 1 in Armour
  4319 | D:4      | Noticed Duvessa
  4336 | D:4      | Killed Dowan
  4336 | D:4      | Reached XP level 7. HP: 37/43 MP: 3/11
  5118 | D:4      | Killed Duvessa
  5118 | D:4      | Reached skill level 1 in Evocations
  5223 | D:5      | Noticed a hill giant
  5378 | D:5      | Acquired Okawaru's first power
  5378 | D:5      | Reached skill level 9 in Bows
  5378 | D:5      | Reached skill level 1 in Fire Magic
  5425 | D:5      | Found a bloodstained altar of Trog.
  5437 | D:5      | Reached skill level 1 in Long Blades
  5588 | D:5      | Found a shattered altar of Ashenzari.
  5685 | D:5      | Reached XP level 8. HP: 47/50 MP: 7/13
  6344 | D:6      | Noticed Edmund
  6958 | D:3      | Killed Grinder
  7161 | D:3      | Killed Baatrezu's ghost
  7689 | D:5      | Killed a hill giant
  7689 | D:5      | Reached skill level 10 in Bows
  7689 | D:5      | Reached XP level 9. HP: 54/56 MP: 1/16
  7800 | D:5      | Killed Edmund
  8579 | D:6      | Found an ancient bone altar of Kikubaaqudgha.
  8588 | D:6      | Found a staircase to the Ecumenical Temple.
  8956 | D:7      | Reached skill level 1 in Invocations
  9032 | D:7      | Learned a level 3 spell: Tukima's Dance
  9034 | D:7      | Learned a level 1 spell: Summon Butterflies
  9176 | D:7      | Found a white marble altar of Elyvilon.
  9386 | Temple   | Entered the Ecumenical Temple
  9819 | D:8      | Noticed Pikel
 10394 | D:8      | Reached skill level 5 in Dodging
 10406 | D:8      | Killed Pikel
 10406 | D:8      | Reached skill level 5 in Hexes
 10406 | D:8      | Reached XP level 10. HP: 60/63 MP: 14/18
 10478 | D:8      | Reached skill level 11 in Bows
 10499 | D:8      | Found a basalt altar of Yredelemnul.
 11610 | D:9      | Reached skill level 5 in Spellcasting
 11840 | D:9      | Received a gift from Okawaru
 12459 | D:9      | Reached skill level 5 in Stealth
 12512 | D:10     | Entered Level 10 of the Dungeon
 12512 | D:10     | Noticed a hill giant
 12620 | D:10     | Killed a hill giant
 12787 | D:10     | Noticed a hill giant
 12843 | D:10     | Killed a hill giant
 13222 | D:10     | Acquired Okawaru's second power
 13380 | D:10     | Received a gift from Okawaru
 14059 | D:11     | Reached XP level 11. HP: 70/70 MP: 17/20
 14096 | D:11     | Noticed a hill giant
 14179 | D:11     | Killed a hill giant
 14179 | D:11     | Received a gift from Okawaru
 14179 | D:11     | Reached skill level 5 in Fighting
 14392 | D:11     | Found a staircase to the Orcish Mines.
 14543 | D:11     | Found a staircase to the Lair.
 14693 | D:11     | Noticed Maud
 14727 | D:11     | Mangled by Maud

Vault maps used:
D:1:      onia_arrival_zoo_common, kennysheep_boxes
D:2:      lemuel_doored_altar, hangedman_decor_growths, glass_columns_b,
          kennysheep_nondescript, uniq_robin, uniq_sigmund
D:3:      nicolae_ru_awakened_eye, nicolae_overflow_hidden_temple,
          lemuel_crystal_altar, xom_butterflies, first_bread,
          nicolae_qazlal_eye_of_the_storm, uniq_jessica, uniq_grinder
D:4:      fedhas_altar_2, uniq_duvessa, uniq_blork_the_orc
D:5:      trog_eyes_of_draining, nicolae_overflow_crystal_walls,
          nicolae_ashenzari_panopticon, minmay_misc_feat_pillars,
          minmay_misc_feat_enclosed
D:6:      kiku_gazebo_garden_becter, minmay_temple_entry_from_below_a,
          uniq_edmund
D:7:      kennysheep_mini_moat
D:8:      yredelemnul_forgotten_temple_becter, uniq_pikel
D:9:      hangedman_fish_farm, grunt_decor_arrowhead
D:11:     dpeg_oklobed_lair, zombieorc1_lemuel, uniq_maud
Temple:   temple_island_7

Action                   |  1- 3 |  4- 6 |  7- 9 | 10-12 || total
-------------------------+-------+-------+-------+-------++-------
Melee: Great sword       |       |       |    72 |       ||    72
       Shortbow          |       |       |     1 |       ||     1
       Scimitar          |       |       |    34 |    90 ||   124
 Fire: Shortbow          |   128 |   204 |   449 |   499 ||  1280
       Blowgun           |       |       |    11 |       ||    11
 Cast: Corona            |    25 |    22 |    46 |    26 ||   119
       Slow              |     3 |    16 |    48 |    50 ||   117
       Inner Flame       |       |       |     3 |    22 ||    25
       Tukima's Dance    |       |       |    10 |    21 ||    31
Invok: Heroism           |       |       |     5 |     2 ||     7
Evoke: Wand              |       |       |     1 |       ||     1
  Use: Scroll            |       |    10 |     7 |       ||    17
       Potion            |       |       |       |     1 ||     1
 Stab: Sleeping          |       |       |     2 |       ||     2
  Eat: Chunk             |     4 |     9 |    19 |    14 ||    46
       Pizza             |       |       |     2 |     1 ||     3
